 Dungeon Crawl Stone Soup version 0.32-a0-841-g4648e6c457 (webtiles) character file.

Game seed: 3645083812489971667

1580 epen the Covert (level 8, -1/42 HPs)
             Began as a Spriggan Hunter on Mar 26, 2024.
             Slain by a yak (11 damage)
             ... on level 5 of the Dungeon.
             The game lasted 00:06:43 (3688 turns).

epen the Covert (Spriggan Hunter)                   Turns: 3688, Time: 00:06:44

Health: -1/42      AC:  7    Str:  7    XL:     8   Next: 60%
Magic:  9/9        EV: 22    Int: 10    God:
Gold:   185        SH:  0    Dex: 21    Spells: 7/7 levels left

rFire   . . .        a - +1 shortbow
rCold   . . .        (shield currently unavailable)
rNeg    . . .        c - +0 robe
rPois   .            (helmet restricted)
rElec   .            j - +0 cloak
rCorr   .            (gloves unavailable)
SInv    +            (boots unavailable)
Will    +....        (no amulet)
Stlth   ++++         e - +4 ring of protection
HPRegen 0.27/turn    (no ring)
MPRegen 0.11/turn

%: no passive effects
@: about to teleport, very quick
A: very small, no large weapons, unfitting armour, see invisible, speed 3
a: no special abilities


You were on level 5 of the Dungeon.
You visited 1 branch of the dungeon, and saw 5 of its levels.

You collected 227 gold pieces.
You spent 42 gold pieces at shops.

Inventory:

Hand Weapons
 a - a +1 shortbow (weapon)
Armour
 c - a +0 robe (worn)
 j - a +0 cloak (worn)
Jewellery
 e - a +4 ring of protection (left hand)
 t - an amulet of guardian spirit
Wands
 i - a wand of paralysis (13)
Scrolls
 b - a scroll of butterflies
 h - a scroll of vulnerability
 p - 2 scrolls of identify
 q - a scroll of fog {unknown}
 u - a scroll of amnesia {unknown}
Potions
 d - a potion of lignification {unknown}
 f - 2 potions of heal wounds
 g - a potion of magic {unknown}
 k - a potion of enlightenment {unknown}
 l - a potion of degeneration {unknown}
 m - a potion of ambrosia
 n - 2 potions of brilliance
 o - 2 potions of curing {unknown}
 s - a potion of haste {unknown}


   Skills:
 + Level 4.7 Fighting
 + Level 6.7 Ranged Weapons
 + Level 7.6 Dodging
 + Level 8.5 Stealth


You had 7 spell levels left.
You didn't know any spells.
Your spell library contained the following spells:

 Spells                   Type           Power      Damage    Failure   Level
 Magic Dart               Conj           0%         1d3       36%         1
 Summon Small Mammal      Summ           0%         N/A       36%         1
 Blink                    Tloc           0%         N/A       50%         2
 Call Imp                 Summ           0%         N/A       50%         2
 Cigotuvi's Dreadful Rot  Necr/Alch/Air  0%         N/A       50%         2
 Lesser Beckoning         Tloc           0%         N/A       50%         2
 Momentum Strike          Conj/Tloc      0%         3d8       50%         2
 Call Canine Familiar     Summ           0%         N/A       75%         3
 Ignite Poison            Fire/Alch      0%         N/A       98%         4
 Summon Blazeheart Golem  Fire/Summ      0%         N/A       98%         4
 Freezing Cloud           Conj/Ice/Air   0%         6-21      100%        5


Dungeon Overview and Level Annotations

Branches:
Dungeon (5/15)
 Temple: D:4-7

Altars:
Fedhas
Sif Muna
Beogh

Shops:
D:4 *?=[

Annotations:
D:5 3 runed translucent doors, picklenugget's ghost, novice TeSu


Innate Abilities, Weirdness & Mutations

You are very small and have problems with some larger weapons.
You are too small for most types of armour.
You have supernaturally acute eyesight. (SInv)
You cover ground extremely quickly. (Speed+++)


Message History

You are too injured to fight recklessly!
You are too injured to fight recklessly!
You are too injured to fight recklessly!
You are too injured to fight recklessly!
You are too injured to fight recklessly!
You are too injured to fight recklessly!
You see here a +0 leather armour.
Found a dagger and a hand axe.
Found a roughly hewn altar of Beogh.
Okay, then.
Fire: a) +1 shortbow
Press: ? - help, Shift-Dir - straight line, f/p - yak
Aim: a yak (severely wounded, 77% to hit)
You shoot an arrow. The arrow barely misses the yak.
The yak completely misses you.
Okay, then.
The yak completely misses you.
Fire: a) +1 shortbow
Press: ? - help, Shift-Dir - straight line, f/p - yak
Aim: a yak (severely wounded, 77% to hit)
You shoot an arrow. The arrow hits the yak!
The yak is almost dead.
Fire: a) +1 shortbow
Press: ? - help, Shift-Dir - straight line, f/p - yak
Aim: a yak (almost dead, 77% to hit)
You shoot an arrow. The arrow hits the yak.
The yak is almost dead.
Fire: a) +1 shortbow
Press: ? - help, Shift-Dir - straight line, f/p - yak
Aim: a yak (almost dead, 77% to hit)
You shoot an arrow. The arrow hits the yak!
You kill the yak!
The orc priest shouts, "Beogh offers mercy even to people such as you.
Join us and be reborn!"
The yak misses you. The yak attacks as it pursues you! The yak gores you!
* * * LOW HITPOINT WARNING * * *
The yak attacks as it pursues you! The yak closely misses you.
As you read the scroll of teleportation, it crumbles to dust.
You feel strangely unstable. The yak gores you!
You die...

ß...))_.....ß#.....# #.#
#.............#.###.# #.#
####.#ß#..ß..#ß#.#.###.###.#
..##.###.ooW.###.#......##..
#.##....#####o...#####..#####.#
#..#...o.o.o.oooo#............#
...######+++#########.#.#####.#
###ß...........Y.ß# #.#.# .#
#............Y@.# #.#.## .#
########.######## #.#..####.#
#[# #.........# #.# ####.####.#
#.# #####.####.# ##########.#
#..........# ...(..YY...#
#.###.###..# ##########.#
##.###.# #..# #.#
####......###..#


You could see 2 yaks, 2 orc priests and 6 orcs.

Vanquished Creatures
  Sigmund (D:4)
  4 yaks (D:5)
  An orc warrior (D:4)
  A black bear (D:4)
  2 scorpions
  2 bombardier beetles (D:5)
  3 orc priests
  A hound (D:4)
  An iguana (D:4)
  Natasha (twice) (D:2)
  3 orc wizards
  Robin (D:3)
  4 gnolls
  5 adders
  2 ufetubi (D:5)
  A ribbon worm (D:2)
  2 dart slugs
  14 orcs
  4 endoplasms
  4 giant cockroaches
  16 goblins
  13 hobgoblins
  2 jackals (D:3)
  4 kobolds
  4 quokkas
  8 ball pythons
  5 bats
  7 frilled lizards
  4 rats
121 creatures vanquished.

Notes
Turn   | Place    | Note
-------+----------+-------------------------------------------
     0 | D:1      | epen the Spriggan Hunter began the quest for the Orb.
     0 | D:1      | Reached XP level 1. HP: 10/10 MP: 2/2
    69 | D:1      | Reached skill level 2 in Stealth
    97 | D:1      | Reached XP level 2. HP: 15/15 MP: 3/3
   268 | D:1      | You fall into a shaft and drop 1 floor!
   396 | D:1      | Found a faded altar of an unknown god.
   405 | D:1      | Reached XP level 3. HP: 16/18 MP: 4/4
   680 | D:2      | Reached skill level 3 in Stealth
   840 | D:2      | Noticed Natasha
   844 | D:2      | Killed Natasha
   845 | D:2      | Reached XP level 4. HP: 23/23 MP: 5/5
   873 | D:2      | Found a blossoming altar of Fedhas.
  1205 | D:2      | Noticed Natasha
  1210 | D:2      | Killed Natasha
  1521 | D:3      | Reached XP level 5. HP: 27/27 MP: 6/6
  1524 | D:3      | Reached skill level 4 in Stealth
  1725 | D:3      | Noticed Robin
  1738 | D:3      | Killed Robin
  2116 | D:4      | Noticed a black bear
  2125 | D:4      | Killed a black bear
  2126 | D:4      | Reached skill level 5 in Ranged Weapons
  2126 | D:4      | Reached XP level 6. HP: 32/32 MP: 7/7
  2150 | D:4      | Noticed an orc warrior
  2157 | D:4      | Killed an orc warrior
  2158 | D:4      | Reached skill level 5 in Dodging
  2158 | D:4      | Reached skill level 5 in Stealth
  2522 | D:4      | Found Guitz's Magic Scroll Shoppe.
  2527 | D:4      | Found Qaucooz's Antique Armour Shoppe.
  2527 | D:4      | Found Zosmaecw's General Store.
  2529 | D:4      | Found Xulliny's Jewellery Shoppe.
  2536 | D:4      | Noticed Sigmund
  2546 | D:4      | Killed Sigmund
  2547 | D:4      | Reached skill level 6 in Stealth
  2547 | D:4      | Reached XP level 7. HP: 36/36 MP: 8/8
  2549 | D:4      | Bought a scroll of teleportation for 42 gold pieces
  2813 | D:5      | Entered Level 5 of the Dungeon
  3110 | D:5      | Noticed a yak
  3112 | D:5      | Noticed a yak
  3114 | D:5      | Noticed a yak
  3114 | D:5      | Noticed a yak
  3191 | D:5      | Noticed a yak
  3191 | D:5      | Noticed a yak
  3235 | D:5      | Killed a yak
  3236 | D:5      | Reached skill level 7 in Stealth
  3236 | D:5      | Reached XP level 8. HP: 38/42 MP: 9/9
  3295 | D:5      | Found a shimmering blue altar of Sif Muna.
  3602 | D:5      | Found a runed translucent gate.
  3602 | D:5      | Found a runed translucent gate.
  3602 | D:5      | Found a runed translucent gate.
  3605 | D:5      | Noticed picklenugget's ghost (novice TeSu)
  3607 | D:5      | Identified the +1 leather armour "Suzxu" {rN+ Regen+ Str+3}
  3664 | D:5      | Reached skill level 8 in Stealth
  3676 | D:5      | Found a roughly hewn altar of Beogh.
  3688 | D:5      | Slain by a yak

Illustrated notes

Levels and vault maps discovered:
D:1:      tarquinn_simple_flora_water_b, layout_rooms, basic_ecumenical_altar,
          fountainhead, serial_bayou_pond_d
D:2:      layout_loops_ring, basic_altar, minmay_misc_feat_five, uniq_natasha
D:3:      layout_basic, minmay_bisected, uniq_robin
D:4:      layout_gridville, minmay_shop_grid_forest, guppyfry_early_orc_mine,
          uniq_sigmund
D:5:      layout_loops_ring, nemelex_spade_bored_becter,
          mainiacjoe_overflow_cross_hatched, biasface_ghost_orc_armoury,
          serial_glass, glass_columns_c, glass_columns_a

Skill      XL: |  1  2  3  4  5  6  7  8 |
---------------+-------------------------+-----
Dodging        | 3 4 5 6 7 |  7.6
Stealth        | 2 3 4 6 7 8 |  8.5
Fighting       | 2 3 4 |  4.7
Ranged Weapons | 5 6 |  6.7

Action                     |  1- 3 |  4- 6 |  7- 9 || total
---------------------------+-------+-------+-------++-------
   Fire: Shortbow          |    92 |   169 |   187 ||   448
    Use: Scroll            |       |     8 |     1 ||     9
 Armour: Robe              |    11 |    14 |    34 ||    59
  Dodge: Dodged            |    27 |    41 |    88 ||   156

Table legend: (Time is in decaauts)
 A = Elapsed time spent in this place.
 B = Non-inter-level travel time spent in this place.
 C = Inter-level travel time spent in this place.
 D = Time resting spent in this place.
 E = Time spent auto-exploring this place.
 F = Levels seen in this place.
 G = Mean time per level.
                   A        B        C        D        E       F      G
               +--------+--------+--------+--------+--------+-----+--------+
         Total |   2638 |   2490 |    148 |     33 |   1700 |   5 |  527.6 |
       Dungeon |   2638 |   2490 |    148 |     33 |   1700 |   5 |  527.6 |
               +--------+--------+--------+--------+--------+-----+--------+

Top non-repeatable levels by time:
     D:4: 780 daAuts
     D:3: 532 daAuts
     D:5: 505 daAuts
     D:2: 450 daAuts
     D:1: 369 daAuts
